 Dungeon Crawl Stone Soup version 0.31-a0-214-gb37851dbb3 (webtiles) character file.

Game seed: 2396766532829666056

319 qw the Shooter (level 6, 0/52 HPs)
             Began as a Minotaur Hexslinger on July 1, 2023.
             Slain by a phantom (4 damage)
             ... on level 4 of the Dungeon.
             The game lasted 00:00:49 (2207 turns).

qw the Shooter (Minotaur Hexslinger)                Turns: 2207, Time: 00:00:50

Health: 0/52       AC:  4    Str: 13    XL:     6   Next: 21%
Magic:  6/6        EV: 12    Int: 13    God:
Gold:   143        SH:  0    Dex: 14    Spells: 6/7 levels left

rFire   . . .        Y - +3 sling (flame)
rCold   . . .        (no shield)
rNeg    . . .        g - +0 leather armour "Giphe" {Int+3}
rPois   .            (helmet restricted)
rElec   .            (no cloak)
rCorr   .            (no gloves)
SInv    .            h - +0 pair of boots
Will    .....        (no amulet)
Stlth   +            (no ring)
HPRegen 0.28/turn    (no ring)
MPRegen 0.10/turn

%: no passive effects
@: no status effects
A: horns 2, retaliatory headbutt
a: no special abilities


You were on level 4 of the Dungeon.
You visited 1 branch of the dungeon, and saw 4 of its levels.

You collected 215 gold pieces.
You spent 72 gold pieces at shops.


Innate Abilities, Weirdness & Mutations

You have a pair of horns on your head.
You reflexively headbutt those who attack you in melee.


   Skills:
 - Level 4.0 Fighting
 + Level 6.0 Ranged Weapons
 - Level 1.9 Armour
 - Level 2.1 Dodging
 - Level 1.0 Spellcasting
 - Level 2.0 Hexes


You had 6 spell levels left.
You knew the following spells:

 Your Spells              Type           Power      Damage    Failure   Level
a - Slow                  Hex            20%        N/A       16%         1

Your spell library contained the following spells:

 Spells                   Type           Power      Damage    Failure   Level
 Inner Flame              Hex/Fire       3%         N/A       56%         3
 Portal Projectile        Hex/Tloc       6%         N/A       56%         3
 Cause Fear               Hex            2%         N/A       83%         4

Inventory:

Hand Weapons
 Y - a +3 sling of flaming (weapon)
Armour
 g - the +0 leather armour "Giphe" (worn) {Int+3}
   (You found it on level 2 of the Dungeon)

   Int:       It affects your intelligence (+3).
 h - a +0 pair of boots (worn)
Scrolls
 e - 4 scrolls of identify
Potions
 a - a potion of curing
 d - 2 potions of haste
 f - a potion of enlightenment

Dungeon Overview and Level Annotations

Branches:
Dungeon (4/15)
 Temple: D:4-7

Altars:
Sif Muna
Zin

Shops:
D:2 =(


Message History

You kill the orc priest!
An orc comes into view. It is wielding a +0 hand axe.
You shoot a sling bullet. The sling bullet hits the orc.
The sling bullet burns the orc.
You kill the orc!
A quokka comes into view.
An iguana comes into view.
You shoot a sling bullet. The iguana hisses angrily.
The sling bullet hits the orc.
The sling bullet burns the orc.
The orc is severely wounded.
You hear a bark!
You shoot a sling bullet. The sling bullet hits the orc.
The sling bullet burns the orc.
You kill the orc!
You shoot a sling bullet. The sling bullet hits the orc.
The sling bullet burns the orc.
The orc is heavily wounded.
The orc misses you.
You shoot a sling bullet. The sling bullet hits the orc.
The sling bullet burns the orc.
You kill the orc!
A ball python comes into view.
The orc misses you.
You shoot a sling bullet.
The sling bullet barely misses the phantom.
The ball python hisses angrily.
The sling bullet hits the quokka!
The sling bullet burns the quokka.
You kill the quokka!
You hear a shout!
The phantom misses you. The orc hits you with a +0 hand axe.
You hear a shout!
Your Fighting skill increases to level 4!
You shoot a sling bullet.
The sling bullet closely misses the phantom.
The phantom misses you. The orc barely misses you.
You shoot a sling bullet. The sling bullet hits the phantom!
The sling bullet burns the phantom.
The phantom is moderately damaged.
The orc hits you with a +0 hand axe. The phantom hits you.
You die...

. .. ..
.. #.
#+#
##..#.#
#....@#
#...oW#
#....)#
#.....S
#....>.
+.....).
#...¤#¤.
#¤¤~¤
¤#.


You could see a phantom, an orc and a ball python.

Vanquished Creatures
  A phantom (D:4)
  2 orc priests (D:4)
  An orc wizard (D:4)
  Terence (D:2)
  7 adders
  A worm (D:4)
  3 dart slugs
  6 orcs (D:4)
  5 endoplasms
  2 giant cockroaches
  5 goblins
  5 hobgoblins
  3 kobolds (D:2)
  6 quokkas
  6 ball pythons
  6 bats
  A frilled lizard (D:2)
  3 rats
64 creatures vanquished.

Notes
Turn   | Place    | Note
-------+----------+-------------------------------------------
     0 | D:1      | qw the Minotaur Hexslinger began the quest for the Orb.
     0 | D:1      | Reached XP level 1. HP: 16/16 MP: 1/1
     0 | D:1      | 0 ||| qw: Version: 0.3-a-32-g5962c71
     0 | D:1      | 0 ||| qw: Game counter: 7361
     0 | D:1      | 0 ||| qw: Melee chars always use a shield: true
     0 | D:1      | 0 ||| qw: God list: Okawaru
     0 | D:1      | 0 ||| qw: Allow faded altars: false
     0 | D:1      | 0 ||| qw: Do Orc after clearing Dungeon:15 true
     0 | D:1      | 0 ||| qw: Do second Lair branch before Depths: true
     0 | D:1      | 0 ||| qw: Lair rune preference: random
     0 | D:1      | 0 ||| qw: Goals: Normal
     0 | D:1      | 0 ||| PLANNING D:1-11
   458 | D:1      | Reached skill level 3 in Ranged Weapons
   458 | D:1      | Reached XP level 2. HP: 23/23 MP: 2/2
   613 | D:1      | 613 ||| READING 3 scrolls labelled LOSSAELOXO.
   614 | D:1      | 614 ||| READING 3 scrolls labelled DUXULA MELORCH.
   615 | D:1      | 615 ||| READING scroll labelled HYKHIA BOFA.
   616 | D:1      | 616 ||| READING 2 scrolls of identify.
   616 | D:1      | 616 ||| IDENTIFYING bubbling sapphire potion
   617 | D:1      | 617 ||| DROPPING 2 scrolls of amnesia.
   618 | D:1      | 618 ||| DROPPING scroll of poison.
   619 | D:1      | 619 ||| DROPPING potion of magic.
   824 | D:2      | Reached XP level 3. HP: 30/30 MP: 3/3
   864 | D:2      | Identified the +0 leather armour "Giphe" {Int+3}
   900 | D:2      | Found Moylos's Antique Weapon Shoppe.
   979 | D:2      | 979 ||| BUYING runed sling (72 gold).
   979 | D:2      | Bought a runed sling for 72 gold pieces
   979 | D:2      | 979 ||| SWAPPING to +3 sling of flaming.
   980 | D:2      | 980 ||| DROPPING +1 sling.
   999 | D:2      | Reached skill level 4 in Ranged Weapons
  1011 | D:2      | Reached XP level 4. HP: 33/37 MP: 4/4
  1073 | D:2      | Noticed Terence
  1079 | D:2      | Killed Terence
  1128 | D:2      | Reached skill level 5 in Ranged Weapons
  1232 | D:2      | Found Luodelo's Jewellery Emporium.
  1247 | D:2      | 1247 ||| SHOPLISTING +4 ring of slaying (936 gold, have
                  | 55).
  1247 | D:2      | 1247 ||| SHOPLISTING +5 ring of evasion (432 gold, have
                  | 55).
  1247 | D:2      | 1247 ||| SHOPLISTING +6 ring of strength (432 gold, have
                  | 55).
  1247 | D:2      | 1247 ||| SHOPLISTING amulet of Coyrab {Faith rPois Str-4
                  | Slay+2 Stlth+} (648 gold, have 55).
  1247 | D:2      | 1247 ||| SHOPLISTING amulet of the acrobat (360 gold, have
                  | 55).
  1370 | D:2      | 1370 ||| UPGRADING to +0 leather armour "Giphe" {Int+3}.
  1380 | D:2      | 1380 ||| DROPPING +0 robe.
  1381 | D:2      | 1381 ||| UPGRADING to +0 pair of boots.
  1386 | D:2      | 1386 ||| READING scroll labelled KOSIAXE UNTAA.
  1487 | D:2      | 1487 ||| READING scroll labelled EZXOOKHL ORIH.
  1492 | D:2      | 1492 ||| READING scroll labelled COAL ATAYRR.
  1493 | D:2      | 1493 ||| DRINKING 2 murky ruby potions.
  1494 | D:2      | 1494 ||| DRINKING 3 green potions.
  1495 | D:2      | 1495 ||| READING 4 scrolls of identify.
  1495 | D:2      | 1495 ||| IDENTIFYING ruby potion
  1583 | D:3      | Reached skill level 3 in Fighting
  1660 | D:3      | Found a shimmering blue altar of Sif Muna.
  2012 | D:3      | 2012 ||| READING scroll labelled NUGGANNABU.
  2013 | D:3      | 2013 ||| READING 5 scrolls of identify.
  2013 | D:3      | 2013 ||| IDENTIFYING black potion
  2104 | D:4      | Noticed a phantom
  2113 | D:4      | Killed a phantom
  2114 | D:4      | Reached XP level 5. HP: 33/45 MP: 5/5
  2121 | D:4      | Reached skill level 6 in Ranged Weapons
  2124 | D:4      | HP: 10/45 [worm (8)]
  2125 | D:4      | 2125 ||| READING 2 scrolls of teleportation.
  2126 | D:4      | 2126 ||| DRINKING potion of heal wounds.
  2129 | D:4      | Found a glowing silver altar of Zin.
  2177 | D:4      | 2177 ||| Stepping ~*~*~tactically~*~*~ (outnumbered).
  2190 | D:4      | Reached skill level 1 in Armour
  2190 | D:4      | HP: 10/45 [orc priest/+0 club (5)]
  2191 | D:4      | 2191 ||| READING scroll of teleportation.
  2191 | D:4      | HP: 4/45 [orc priest/+0 club (6)]
  2194 | D:4      | Reached XP level 6. HP: 3/51 MP: 6/6
  2205 | D:4      | HP: 5/52 [orc/+0 hand axe (2)]
  2207 | D:4      | Slain by a phantom

Levels and vault maps discovered:
D:1:      amcnicky_arrival_feature_with_door, layout_loops_ring
D:2:      layout_basic, serial_shops, shop_coins, nicolae_diamond_shop,
          st_stairs_9, uniq_terence
D:3:      layout_loops_ring, mainiacjoe_overflow_alcove_1, dk_noncrumbling_3
D:4:      layout_basic, kennysheep_mini_moat,
          mainiacjoe_overflow_concentric_impassable, marbit_many_paths,
          item_on_display_a, uniq_pikel

Skill      XL: |  1  2  3  4  5  6 |
---------------+-------------------+-----
Ranged Weapons | 3 4 5 6 |  6.0
Fighting       | 2 3 4 |  4.0
Armour         | 1 |  1.9
Dodging        | |  2.1
Spellcasting   | |  1.0
Hexes          | |  2.0

Action                     |  1- 3 |  4- 6 || total
---------------------------+-------+-------++-------
   Fire: Sling             |    92 |    87 ||   179
    Use: Scroll            |     4 |     8 ||    12
         Potion            |       |     3 ||     3
 Armour: Robe              |     9 |       ||     9
         Leather armour    |       |    11 ||    11
  Dodge: Dodged            |    32 |    27 ||    59

Table legend:
 A = Non-vault XP
 B = Vault XP
 C = Vault XP percentage of total XP
 D = Non-vault monster count
 E = Vault monster count
 F = Vault count percentage of total count
                 A         B        C        D         E       F
            +---------+---------+-------+---------+---------+-------
      Total |     415 |      41 |   9.0 |      61 |       3 |   4.7
            +---------+---------+-------+---------+---------+-------
        D:1 |      18 |       0 |   0.0 |      11 |       0 |   0.0
        D:2 |     106 |      41 |  27.9 |      25 |       3 |  10.7
        D:3 |      26 |       0 |   0.0 |       8 |       0 |   0.0
        D:4 |     265 |       0 |   0.0 |      17 |       0 |   0.0
            +---------+---------+-------+---------+---------+-------
